 Dungeon Crawl Stone Soup version 0.25.0-9-g26727b657a (webtiles) character file.

Game seed: 2083578712526152102

682 Esekla the Slasher (level 7, -2/46 HPs)
             Began as an Octopode Skald on June 19, 2020.
             Was an Initiate of Gozag.
             Slain by an ice beast (11 damage)
             ... on level 6 of the Dungeon on June 20, 2020.
             The game lasted 00:25:26 (4854 turns).

Esekla the Slasher (Octopode Skald)                 Turns: 4854, Time: 00:25:27

Health: -2/46      AC:  1    Str: 11    XL:     7   Next: 61%
Magic:  10/11      EV: 14    Int: 17    God:    Gozag
Gold:   379        SH:  0    Dex: 11    Spells: 3/11 levels left

rFire    . . .     SeeInvis +   a - +0 falchion
rCold    . . .     Gourm    .   (no shield)
rNeg     . . .     Faith    .   (helmet restricted)
rPois    .         Spirit   .   (no amulet)
rElec    .         Reflect  .   j - ring of see invisible
rCorr    .         Harm     .   o - ring of stealth
MR       .....                  (no ring)
Stlth    ++++......             (no ring)
HPRegen  0.15/turn              (no ring)
MPRegen  0.12/turn              (no ring)
                                (no ring)
                                (no ring)

@: no status effects
A: almost no armour, stealthy swim, amphibious, 8 rings, constrict 8, camouflage
1, gelatinous body 1
a: Potion Petition, Call Merchant, Bribe Branch, Renounce Religion


You were on level 6 of the Dungeon.
You worshipped Gozag.
Gozag was aware of your devotion.
You were near starving.

You visited 2 branches of the dungeon, and saw 7 of its levels.

You collected 429 gold pieces.
You paid 50 gold pieces to Gozag.

Inventory:

Hand Weapons
 a - a +0 falchion (weapon)
 v - a +3 dagger of venom
Missiles
 k - 4 boomerangs
 q - 17 poisoned darts (quivered)
Jewellery
 j - a ring of see invisible (left tentacle)
 o - a ring of stealth (right tentacle)
Scrolls
 b - 3 scrolls of enchant weapon
 d - a scroll of immolation
 h - 3 scrolls of identify
 m - 2 scrolls of noise
Potions
 e - a potion of ambrosia
 g - 2 potions of magic {unknown}
 i - a potion of stabbing
 n - a potion of haste {unknown}
 p - a potion of mutation {unknown}
 r - a potion of lignification {unknown}
Comestibles
 c - 5 rations


   Skills:
 + Level 3.1 Fighting
 + Level 1.8(3.4) Short Blades
 * Level 4.5(4.7) Long Blades
 * Level 3.7 Dodging
 - Level 3.1 Stealth
 + Level 2.7 Spellcasting
 - Level 3.0 Charms
 * Level 3.0 Translocations
 * Level 2.1 Ice Magic


You had 3 spell levels left.
You knew the following spells:

 Your Spells              Type           Power        Failure   Level  Hunger
a - Ozocubu's Armour      Chrm/Ice       ##......     19%         3    ###....
b - Infusion              Chrm           ##..         5%          1    #......
g - Shroud of Golubria    Chrm/Tloc      ##....       8%          2    ##.....
s - Song of Slaying       Chrm           ##......     8%          2    ##.....

Your spell library contained the following spells:

 Spells                   Type           Power        Failure   Level  Hunger
 Spectral Weapon          Hex/Chrm       #.......     28%         3    ###....


Dungeon Overview and Level Annotations

Branches:
Dungeon (6/15)             Temple (1/1) D:4

Altars:
Ashenzari
Cheibriados
Dithmenos
Elyvilon
Fedhas
Gozag
Kikubaaqudgha
Makhleb
Nemelex Xobeh
Okawaru
Qazlal
Ru
Sif Muna
Trog
Uskayaw
Vehumet
Wu Jian
Xom
Yredelemnul
Zin
The Shining One

Shops:
D:5 (


Innate Abilities, Weirdness & Mutations

You cannot wear most types of armour.
You are very stealthy in the water. (Stealth+)
You are amphibious.
You can wear up to eight rings at the same time.
You can use your tentacles to constrict eight enemies at once.
Your skin changes colour to match your surroundings (Stealth+).
Your rubbery body absorbs attacks. (AC +1, EV +1)


Message History

You squeeze the ice beast, but do no damage.
The ice beast is almost dead.
The ice beast barely misses you.
You hit the ice beast but do no damage.
The ice beast is almost dead.
The ice beast closely misses you.
You barely miss the ice beast.
The ice beast is almost dead.
The ice beast misses you.
You hit the ice beast.
The ice beast is almost dead.
The ice beast hits you. The ice beast freezes you!
* * * LOW HITPOINT WARNING * * *
You closely miss the ice beast.
The ice beast is almost dead.
The ice beast hits you.
* * * LOW HITPOINT WARNING * * *
The ice beast freezes you!
You die...
Your body crumbles into a pile of gold.

#..#.........+..
#..'.........#..
#+
##.###+####..###
#.###.### #### #
#.......# .
#.......#
#.......#
#.......#
##@###### #Y#
#...l'........
#....#........
#....######...
##+# #.


You could see an ice beast.

Vanquished Creatures
  A hungry ghost (D:4)
  An ogre (D:4)
  A centaur zombie (D:5)
  2 hounds
  2 orc wizards (D:4)
  Natasha (thrice) (D:3)
  A bullfrog skeleton (D:4)
  A worker ant (D:6)
  3 gnolls (D:2)
  4 adders
  2 adder skeletons
  3 worms
  A dart slug (D:1)
  3 leopard geckos
  14 orcs
  11 bats
  5 giant cockroaches
  14 goblins
  6 hobgoblins
  4 jackals (D:4)
  11 kobolds
  3 quokkas
  A ball python (D:1)
  4 frilled lizards
  A jackal skeleton (D:4)
  9 rats
111 creatures vanquished.

Notes
Turn   | Place    | Note
-------+----------+-------------------------------------------
     0 | D:1      | Esekla the Octopode Skald began the quest for the Orb.
     0 | D:1      | Reached XP level 1. HP: 14/14 MP: 3/3
   174 | D:1      | Reached XP level 2. HP: 17/19 MP: 5/5
   217 | D:1      | Learned a level 2 spell: Shroud of Golubria
   220 | D:1      | Learned a level 2 spell: Song of Slaying
   738 | D:1      | Reached skill level 1 in Stealth
  1083 | D:1      | Reached XP level 3. HP: 24/24 MP: 1/6
  1329 | D:2      | Found a faded altar of an unknown god.
  1399 | D:2      | Reached skill level 1 in Translocations
  1399 | D:2      | Reached XP level 4. HP: 19/30 MP: 1/7
  1731 | D:2      | Reached skill level 3 in Long Blades
  2437 | D:3      | Noticed Natasha
  2445 | D:3      | Killed Natasha
  2445 | D:3      | Reached XP level 5. HP: 9/35 MP: 5/8
  2623 | D:3      | Learned a level 3 spell: Ozocubu's Armour
  2813 | D:3      | Noticed Natasha
  2823 | D:3      | Killed Natasha
  3056 | D:4      | Found a staircase to the Ecumenical Temple.
  3108 | D:4      | Reached skill level 1 in Ice Magic
  3108 | D:4      | Reached XP level 6. HP: 34/41 MP: 9/9
  3113 | Temple   | Entered the Ecumenical Temple
  3164 | Temple   | Became a worshipper of Gozag Ym Sagoz the Greedy
  3475 | D:4      | Reached skill level 1 in Short Blades
  3475 | D:4      | Reached skill level 4 in Long Blades
  3689 | D:4      | Noticed a hungry ghost
  3733 | D:4      | Killed a hungry ghost
  3733 | D:4      | Reached XP level 7. HP: 16/45 MP: 5/10
  4404 | D:3      | Noticed Natasha
  4410 | D:3      | Killed Natasha
  4461 | D:5      | Entered Level 5 of the Dungeon
  4541 | D:5      | Found Anwuiloe's Weapon Boutique.
  4636 | D:5      | Found an iron altar of Okawaru.
  4854 | D:6      | Slain by an ice beast

Illustrated notes

Levels and vault maps discovered:
D:1:      saegor_arrival_simple_d, layout_basic, bh_walls_and_bars
D:2:      layout_rooms, chequers_ecumenical_altar_simple_redux
D:3:      layout_basic, uniq_natasha
D:4:      layout_loops_cross, minmay_temple_entry_stoned_glass, first_ration,
          minmay_misc_feat_more_columns, corexii_checkpoint_a,
          hangedman_decor_slide_cut
D:5:      layout_loops_ring, basic_altar, portal_sewer_entry_e, serial_shops,
          shop, nicolae_tso_carved_into_rock
D:6:      layout_gridville, overflow_temple_1_default, basic_altar,
          kennysheep_windowed_goal
Temple:   kilobyte_greek_temple

Skill      XL: |  1  2  3  4  5  6  7 |
---------------+----------------------+-----
Stealth        | 1 2 3 |  3.1
Translocations | 1 2 3 |  3.0
Long Blades    | 3 4 |  4.5
Dodging        | 3 |  3.7
Ice Magic      | 1 2 |  2.1
Short Blades   | 1 |  1.8
Fighting       | 3 |  3.1
Spellcasting   | |  2.7
Charms         | |  3.0

Action                   |  1- 3 |  4- 6 |  7- 9 || total
-------------------------+-------+-------+-------++-------
Melee: Falchion          |    63 |    69 |    71 ||   203
       Constrict         |    17 |    28 |    21 ||    66
       Tentacles         |     7 |    17 |    17 ||    41
       Dagger            |       |    68 |    19 ||    87
Throw: Dart              |       |       |     3 ||     3
 Cast: Shroud of Golubri |     3 |     9 |     2 ||    14
       Infusion          |     1 |     1 |       ||     2
       Song of Slaying   |     1 |       |     2 ||     3
       Ozocubu's Armour  |       |     1 |     3 ||     4
  Use: Scroll            |       |       |     8 ||     8
       Potion            |       |       |     1 ||     1
 Stab: Sleeping          |     3 |    16 |     2 ||    21
       Distracted        |       |       |     1 ||     1
  Eat: Chunk             |     2 |     6 |       ||     8
       Ration            |       |     3 |     1 ||     4
Armor: Skin              |     8 |     9 |    13 ||    30
Dodge: Dodged            |    47 |    93 |    62 ||   202
       Rpst.: Falchion   |    16 |    14 |    16 ||    46
